Map: Ascension to Aiur LE

Players

Jettorix

  • Race: Protoss Protoss
  • League: Grandmaster
  • Spawn Location: 5:00

A.I. 1 (Very Easy) - Winner!

  • Race: Terran Terran
  • Spawn Location: 11:00

VOD

Have the link to the VOD?

Description

Chronoboost test V.1

Time

  • Played on: Nov. 25, 2017, 2:39 p.m.
  • Length: 2:26
Show
View Real Time Build Order
Export as new Build Order

Jettorix Protoss 

Build Orders: 1 Gate Expand 

Get SALT Encoding   

  6  0:01  Probe (Chrono Boost)  
  13  0:13  Probe (Chrono Boost)  
  14  0:16  Probe  
  14  0:21  Pylon  
  15  0:39  Gateway, Probe  
  15  0:42  Assimilator  
  16  0:51  Probe  
  17  1:03  Probe (Chrono Boost)  
  19  1:13  Probe (Chrono Boost)  
  19  1:18  Nexus  
  19  1:27  Cybernetics Core  
  19  1:30  Probe  
  20  1:36  Assimilator  
  20  1:42  Probe  
  21  1:47  Pylon  
  21  1:54  Probe  
  22  2:05  Stalker (Chrono Boost)  
  22  2:06  Probe  
Show
View Real Time Build Order
Export as new Build Order

A.I. 1 (Very Easy) Terran - Winner!

Build Orders:  

Get SALT Encoding   

  6  0:00  SCV  
  13  0:13  SCV  
  14  0:19  Supply Depot  
  14  0:38  Refinery  
  14  0:43  Barracks  
  14  1:05  Supply Depot  
  14  1:13  Refinery  
  14  1:30  Marine  
  14  1:31  Orbital Command  
  15  1:49  Barracks Tech Lab  
  15  1:57  SCV  
  16  2:09  SCV  
Tags
 
Add a new tag
Caveats
  • Supply blocks, unpowered buildings, or Contaminate may cause inaccurate times.
  • Supply counts are checked every 10 seconds.